 Dungeon Crawl Stone Soup version 0.24-a0-291-g79c1ce7 (webtiles) character file.

Game seed: 490265441607245328

67515 galech the Cleaver (level 14, 0/111 HPs)
             Began as a Demonspawn Fighter on May 9, 2019.
             Was the Champion of Okawaru.
             Killed from afar by a fire dragon (40 damage)
             ... with a blast of flame
             ... on level 15 of the Dungeon.
             The game lasted 00:28:20 (17604 turns).

galech the Cleaver (Demonspawn Fighter)            Turns: 17604, Time: 00:28:20

Health: 0/111      AC: 23    Str: 28    XL:     14   Next: 83%
Magic:  15/16      EV: 21    Int: 14    God:    Okawaru [******]
Gold:   681        SH: 27    Dex: 20    Spells: 13/13 levels left

rFire    . . .     SeeInvis .   O - +10 hand axe of the Median {drain, +Rage MR+ Int+3}
rCold    . . .     Gourm    .   M - +0 large shield
rNeg     + + +     Faith    .   W - +5 chain mail "Beism" {rC- rN+++ Str+4 Stlth+}
rPois    +         Spirit   .   (helmet unavailable)
rElec    .         Reflect  +   d - +0 cloak
rCorr    .         Harm     .   I - +2 pair of gloves {Dex+3}
MR       ++...                  (no boots)
Stlth    ++........             n - +4 amulet of reflection
HPRegen  0.28/turn              L - +5 ring of evasion
MPRegen  0.15/turn              m - ring of Camewk {rPois rN+ Str+8}

@: heroism, corroded
A: horns 3, icy blue scales 3, spiny 2
a: Heroism, Finesse, Renounce Religion, Evoke Berserk Rage


You were on level 15 of the Dungeon.
You worshipped Okawaru.
Okawaru was exalted by your worship.
You were very hungry.

You visited 4 branches of the dungeon, and saw 19 of its levels.
You also visited: Ossuary.

You collected 1764 gold pieces.
You spent 1083 gold pieces at shops.

Inventory:

Hand Weapons
 a - a +1 war axe
 b - a +2 scimitar of flaming
 A - a +4 war axe of venom
 O - the +10 hand axe of the Median (weapon) {drain, +Rage MR+ Int+3}
   (You bought it in a shop on level 12 of the Dungeon)

   A truly terrible weapon, it drains the life of those it strikes.
   It affects your intelligence (+3).
   It affects your resistance to hostile enchantments.
   It lets you go berserk.
Armour
 c - a scarf of repulsion
 d - a +0 cloak (worn)
 p - the +1 leather armour of Huumupirph {rC+}
   (You found it on level 13 of the Dungeon)

   It protects you from cold.
 F - +0 steam dragon scales
 I - a +2 pair of gloves of dexterity (worn)
 M - a +0 large shield (worn)
 P - the +4 leather armour of Untold Secrets {Slay+2}
   (You found it on level 8 of the Dungeon)

   It affects your accuracy and damage with ranged weapons and melee attacks
   (+2).
 W - the +5 chain mail "Beism" (worn) {rC- rN+++ Str+4 Stlth+}
   (You found it on level 9 of the Dungeon)

   It affects your strength (+4).
   It makes you vulnerable to cold.
   It renders you almost immune to negative energy.
   It makes you more stealthy.
Jewellery
 e - an uncursed ring of see invisible
 m - the ring of Camewk (right hand) {rPois rN+ Str+8}
   (You bought it in a shop on level 2 of the Orcish Mines)

   [ring of poison resistance]

   It affects your strength (+8).
   It protects you from poison.
   It protects you from negative energy.
 n - a +4 amulet of reflection (around neck)
 w - an uncursed ring of flight
 L - a +5 ring of evasion (left hand)
 U - the amulet of Jushrumam {Gourm rC++ Dex-4 SInv Stlth+}
   (You found it on level 12 of the Dungeon)

   [amulet of the gourmand]

   It allows you to eat raw meat even when not hungry.
   It affects your dexterity (-4).
   It greatly protects you from cold.
   It lets you see invisible.
   It makes you more stealthy.
Wands
 l - a wand of enslavement (8)
 D - a wand of digging (6)
 Q - a wand of paralysis (5)
Scrolls
 g - 4 scrolls of blinking
 i - 9 scrolls of teleportation
 r - 4 scrolls of noise
 y - 6 scrolls of magic mapping
 B - a scroll of remove curse
 E - a scroll of enchant armour
 G - 2 scrolls of amnesia
 H - a scroll of random uselessness
 K - 2 scrolls of fog
 S - 3 scrolls of fear
 T - a scroll of immolation
 X - a scroll of vulnerability
Potions
 h - 4 potions of haste {unknown}
 j - a potion of ambrosia {unknown}
 k - 5 potions of cancellation {unknown}
 o - 3 potions of mutation {unknown}
 q - 2 potions of flight {unknown}
 t - 9 potions of curing
 u - 2 potions of brilliance {unknown}
 v - 2 potions of invisibility {unknown}
 x - 2 potions of resistance {unknown}
 z - 3 potions of heal wounds
 C - 3 potions of degeneration {unknown}
 J - a potion of might
 N - a potion of magic {unknown}
 V - a potion of agility {unknown}
Comestibles
 f - 26 rations


   Skills:
 + Level 10.7(15.7) Fighting
 + Level 3.4(8.4) Long Blades
 + Level 14.5(19.5) Axes
 + Level 8.5(13.5) Armour
 + Level 6.2(11.2) Dodging
 + Level 3.3(8.3) Stealth
 + Level 12.8(17.8) Shields
 + Level 2.9 Invocations


You had 13 spell levels left.
You didn't know any spells.
Your spell library contained the following spells:

 Spells                   Type           Power        Failure   Level  Hunger
 Animate Skeleton         Necr           N/A          95%         1    ##.....
 Apportation              Tloc           #.....       95%         1    ##.....
 Confusing Touch          Hex            #.....       95%         1    ##.....
 Pain                     Necr           #...         95%         1    ##.....
 Summon Small Mammal      Summ           #...         95%         1    ##.....
 Call Imp                 Summ           #.......     99%         2    ###....
 Call Canine Familiar     Summ           #.......     100%        3    ####...
 Regeneration             Chrm/Necr      #.........   100%        3    ####...
 Summon Guardian Golem    Hex/Summ       #.......     100%        3    ####...
 Vampiric Draining        Necr           #.........   100%        3    ####...
 Animate Dead             Necr           N/A          100%        4    #####..
 Summon Ice Beast         Ice/Summ       #.......     100%        4    #####..
 Summon Lightning Spire   Summ/Air       #.......     100%        4    #####..


Dungeon Overview and Level Annotations

Branches:
Dungeon (15/15)            Temple (1/1) D:4            Lair (0/6) D:9
    Orc (2/2) D:9             Elf (0/3) Orc:2        Vaults (0/5) D:14
 Depths (1/5) D:15

Altars:
Ashenzari
Cheibriados
Dithmenos
Elyvilon
Fedhas
Gozag
Hepliaklqana
Kikubaaqudgha
Makhleb
Nemelex Xobeh
Okawaru
Qazlal
Ru
Sif Muna
Trog
Uskayaw
Vehumet
Wu Jian
Xom
Yredelemnul
Zin
The Shining One
Beogh

Shops:
D:9 *   D:12 !*   D:14 (   D:15 =   Orc:2 =[*(

Portals:
Bazaar: D:12
Trove: D:14 (give +3 shadow dragon scales)


Innate Abilities, Weirdness & Mutations

You have a pair of large horns on your head.
You are completely covered in icy blue scales. (AC +4, rC+)
You are mostly covered in sharp spines.


Message History

You hit the centaur. You drain the centaur.
The centaur hits you but does no damage.
You hit the fire dragon.
The fire dragon is moderately wounded.
You slash the centaur! You block the fire dragon's attack. x3
The centaur misses you.
Your chain mail "Beism" prevents you from hitting the fire dragon.
The fire dragon is moderately wounded.
You slash the centaur!
You kill the centaur!
Okawaru accepts your kill. The fire dragon breathes flames at you.
The blast of flame misses you. x2
You hit the fire dragon but do no damage.
The fire dragon is moderately wounded.
You barely miss the fire dragon. You headbutt the fire dragon!
The fire dragon is moderately wounded.
The fire dragon breathes flames at you. The blast of flame hits you!!!
You die...

#.##.# ##≈≈≈##.#
#.##.# ######..
#.##.###### ##.
#....[....## #######
#.
#.#######..###.....##
#. ### ##.##.).....##
#######.
#.#.)#####..#
#......#
#)#).#..D#..#
#......#
#)'..#.@['..#
#......#
###..#)..#..#
#......' #.)#####..#
#......# ##.)[....##
#......# ##.....##
#......# #######
######## #.....
#.#### ######.# #


You could see a fire dragon.

Vanquished Creatures
  A lich (Depths:1)
  Donald (Orc:1)
  An orc warlord (Orc:1)
  A stone giant (Orc:1)
  A yaktaur captain (D:15)
  3 hydras
  4 centaur warriors
  A death knight (D:15)
  13 two-headed ogres
  2 ogre magi (D:15)
  2 tengu warriors
  3 orc high priests
  A skeletal warrior (D:15)
  An unseen horror (D:11)
  A wizard (D:15)
  A phantasmal warrior (D:15)
  8 ugly things
  7 orc knights
  5 orc sorcerers
  A deep elf mage (D:15)
  A wolf spider (D:15)
  4 cyclopes
  2 manticores
  A gargoyle (D:11)
  2 naga magi (D:15)
  A freezing wraith (D:15)
  An efreet (D:10)
  4 yaktaurs (D:15)
  A yaktaur (shapeshifter) (D:14)
  A tengu conjurer (D:12)
  A wind drake (shapeshifter) (D:15)
  A troll (shapeshifter) (D:14)
  7 trolls
  9 hippogriffs
  4 slime creatures (D:12)
  Grinder (D:4)
  A shadow (D:14)
  A vampire (D:15)
  6 yaks (D:13)
  16 humans (D:14)
  A hungry ghost (D:9)
  2 wyverns (D:9)
  2 wraiths (D:15)
  A basilisk (D:12)
  2 steam dragons
  4 vampire mosquitoes (D:15)
  6 wargs
  Edmund (D:4)
  2 water moccasins
  A soldier ant (D:11)
  2 hornet zombies
  8 ice beasts
  2 sky beasts
  31 orc warriors
  2 black bears
  3 eyes of draining
  2 necrophages
  11 ogres
  20 centaurs
  A crocodile (D:14)
  Blork the orc (D:4)
  3 big kobolds
  A bullfrog (shapeshifter) (D:14)
  An elf zombie (D:7)
  13 bullfrogs
  An elf skeleton (D:7)
  5 scorpions
  20 wights
  4 howler monkeys
  9 crimson imps
  4 bullfrog zombies
  5 centaur zombies
  15 orc priests
  5 centaur skeletons
  A hound (D:12)
  6 jellies
  2 human zombies (D:7)
  2 bullfrog skeletons (D:6)
  A human skeleton (D:7)
  11 mummies (Ossuary)
  Natasha (twice) (D:4)
  4 iguanas
  25 orc wizards
  8 worker ants
  A killer bee zombie (Ossuary)
  A hound skeleton (D:6)
  A hound zombie (D:10)
  3 worker ant zombies
  2 howler monkey zombies
  A howler monkey skeleton (D:5)
  6 gnolls
  20 adders
  2 shadow imps
  6 oozes
  3 adder zombies
  2 adder skeletons
  A worm (D:3)
  3 dart slugs
  6 leopard geckos
  57 orcs
  6 bats
  3 giant cockroaches
  3 hobgoblins
  5 jackals
  6 quokkas
  A ball python zombie (Ossuary)
  2 frilled lizards (D:2)
  2 goblins (D:2)
  2 jackal zombies (Ossuary)
  22 kobolds
  A leopard gecko skeleton (D:4)
  An orc skeleton (D:7)
  A quokka zombie (Ossuary)
  5 rats
  4 fungi (Orc:2)
555 creatures vanquished.

Vanquished Creatures (others)
  Nessos (D:14)
  2 centaur warriors
  5 centaurs
  An orc (Orc:1)
  2 kobolds
  11 fungi (Orc:2)
  3 withered plants (Ossuary)
25 creatures vanquished.

Grand Total: 580 creatures vanquished

Notes
Turn   | Place    | Note
-------+----------+-------------------------------------------
     0 | D:1      | galech the Demonspawn Fighter began the quest for the Orb.
     0 | D:1      | Reached XP level 1. HP: 18/18 MP: 1/1
   206 | D:1      | Gained mutation: You have a pair of small horns on your
                  | head. [demonic ancestry]
   206 | D:1      | Reached XP level 2. HP: 17/24 MP: 2/2
   383 | D:1      | Reached skill level 2 in Axes
   566 | D:2      | Found a bloodstained altar of Trog.
   644 | D:2      | Reached XP level 3. HP: 26/29 MP: 3/3
  1168 | D:3      | Found a faded altar of an unknown god.
  1277 | D:3      | Found a basalt altar of Yredelemnul.
  1282 | D:3      | Gained mutation: You have a pair of horns on your head.
                  | [demonic ancestry]
  1282 | D:3      | Reached XP level 4. HP: 36/36 MP: 4/4
  1771 | D:4      | Noticed Blork the orc
  1773 | D:4      | Found a blossoming altar of Fedhas.
  1781 | D:4      | Killed Blork the orc
  1781 | D:4      | Reached skill level 3 in Axes
  1781 | D:4      | Reached XP level 5. HP: 37/42 MP: 5/5
  1788 | D:4      | Noticed an ogre
  1799 | D:4      | Killed an ogre
  1799 | D:4      | Reached skill level 1 in Dodging
  2031 | D:4      | You fall through a shaft for 3 floors!
  2046 | D:7      | Reached XP level 6. HP: 25/48 MP: 6/6
  2049 | D:7      | Noticed an ice beast
  2058 | D:7      | Killed an ice beast
  2058 | D:7      | Reached skill level 4 in Axes
  2058 | D:7      | Gained mutation: You are partially covered in icy blue
                  | scales. (AC +2) [demonic ancestry]
  2058 | D:7      | Reached XP level 7. HP: 5/54 MP: 7/7
  2365 | D:7      | Reached skill level 5 in Axes
  2382 | D:7      | Found a sand-covered staircase.
  2387 | Ossuary  | Entered an ossuary
  2445 | Ossuary  | Gained mutation: You are mostly covered in icy blue scales.
                  | (AC +3) [demonic ancestry]
  2445 | Ossuary  | Reached XP level 8. HP: 20/61 MP: 8/8
  2450 | Ossuary  | Reached skill level 5 in Shields
  2667 | Ossuary  | Reached skill level 6 in Axes
  3168 | D:7      | Noticed a hippogriff
  3180 | D:7      | Killed a hippogriff
  3468 | D:6      | Reached skill level 5 in Fighting
  3731 | D:7      | Reached skill level 7 in Axes
  3854 | D:5      | Entered Level 5 of the Dungeon
  3940 | D:4      | Noticed Natasha
  3946 | D:4      | Killed Natasha
  4077 | D:4      | Found a staircase to the Ecumenical Temple.
  4092 | D:4      | Noticed Edmund
  4100 | D:4      | Noticed Natasha
  4105 | D:4      | Killed Edmund
  4105 | D:4      | Gained mutation: You are completely covered in icy blue
                  | scales. (AC +4, rC+) [demonic ancestry]
  4105 | D:4      | Reached XP level 9. HP: 68/68 MP: 9/9
  4105 | D:4      | Killed Natasha
  4185 | Temple   | Entered the Ecumenical Temple
  4540 | D:4      | Noticed Grinder
  4550 | D:4      | Killed Grinder
  4774 | D:5      | Reached skill level 1 in Stealth
  5432 | D:6      | Reached skill level 8 in Axes
  5677 | D:6      | Found a burning altar of Makhleb.
  6127 | D:8      | Noticed a two-headed ogre
  6138 | D:8      | HP: 2/68 [hippogriff (5)]
  6140 | D:8      | Killed a two-headed ogre
  6142 | D:8      | Reached XP level 10. HP: 3/76 MP: 10/10
  6515 | D:8      | Got a jewelled leather armour
  6526 | D:8      | Identified the +4 leather armour of Untold Secrets {Slay+2}
                  | (You found it on level 8 of the Dungeon)
  6578 | D:8      | Reached skill level 9 in Axes
  7489 | D:9      | Found Uram's Assorted Antiques.
  7520 | D:9      | Found a sacrificial altar of Ru.
  7522 | D:9      | Found a hazy altar of Hepliaklqana.
  7524 | D:9      | Found a glowing golden altar of the Shining One.
  7524 | D:9      | Found a sparkling altar of Nemelex Xobeh.
  7524 | D:9      | Found an iron altar of Okawaru.
  7525 | D:9      | Found a hide-covered altar of Uskayaw.
  7539 | D:9      | Became a worshipper of Warmaster Okawaru
  7651 | D:9      | Found a staircase to the Orcish Mines.
  7657 | D:9      | Got a brightly glowing chain mail
  7668 | D:9      | Identified the +5 chain mail "Beism" {rC- rN+++ Str+4
                  | Stlth+} (You found it on level 9 of the Dungeon)
  7742 | D:9      | Reached * piety under Okawaru
  7879 | D:9      | Found a stormy altar of Qazlal.
  7980 | D:9      | Reached skill level 5 in Armour
  7984 | D:9      | Reached skill level 10 in Axes
  8042 | D:9      | Found a staircase to the Lair.
  8100 | D:9      | Found a hide-covered altar of Uskayaw.
  8136 | D:9      | Noticed a two-headed ogre
  8148 | D:9      | Killed a two-headed ogre
  8148 | D:9      | Reached ** piety under Okawaru
  8314 | D:10     | Entered Level 10 of the Dungeon
  8333 | D:10     | Noticed a two-headed ogre
  8344 | D:10     | Killed a two-headed ogre
  8344 | D:10     | Gained mutation: You are partially covered in sharp spines.
                  | [demonic ancestry]
  8344 | D:10     | Reached XP level 11. HP: 65/83 MP: 11/11
  8613 | D:10     | Noticed a two-headed ogre
  8627 | D:10     | Killed a two-headed ogre
  8627 | D:10     | Reached *** piety under Okawaru
  9001 | Orc:1    | Entered Level 1 of the Orcish Mines
  9037 | Orc:1    | Reached skill level 11 in Axes
  9122 | Orc:1    | Noticed an orc sorcerer
  9130 | Orc:1    | Killed an orc sorcerer
  9143 | Orc:1    | Reached skill level 1 in Invocations
  9151 | Orc:1    | Reached **** piety under Okawaru
  9422 | Orc:1    | Found a roughly hewn altar of Beogh.
  9545 | Orc:2    | Entered Level 2 of the Orcish Mines
  9547 | Orc:2    | Noticed Donald
  9552 | Orc:2    | Noticed a stone giant
  9556 | Orc:2    | Noticed an orc knight
  9556 | Orc:2    | Noticed an orc sorcerer
  9931 | Orc:1    | Killed Donald
  9931 | Orc:1    | Reached skill level 5 in Dodging
 10238 | Orc:2    | Noticed an orc warlord
 10250 | Orc:1    | Killed a stone giant
 10250 | Orc:1    | Reached ***** piety under Okawaru
 10311 | Orc:2    | Noticed an orc knight
 10351 | Orc:1    | Killed an orc warlord
 10351 | Orc:1    | Reached skill level 12 in Axes
 10351 | Orc:1    | Reached XP level 12. HP: 14/91 MP: 11/13
 10659 | Orc:2    | Noticed an orc high priest
 10688 | Orc:1    | Paralysed by an orc sorcerer for 7 turns
 10899 | Orc:1    | Killed an orc high priest
 10899 | Orc:1    | Received a gift from Okawaru
 11302 | Orc:2    | Found Xocaler's Antique Armour Shop.
 11529 | Orc:2    | Found Paasur's Jewellery Emporium.
 11537 | Orc:2    | Bought the ring of Camewk {rPois rN+ Str+8} for 624 gold
                  | pieces
 11609 | Orc:2    | Noticed an orc high priest
 11972 | Orc:2    | Killed an orc high priest
 11972 | Orc:2    | Paralysed by an orc sorcerer for 3 turns
 12135 | Orc:2    | Noticed an orc high priest
 12145 | Orc:2    | Killed an orc high priest
 12145 | Orc:2    | Reached skill level 10 in Shields
 12392 | Orc:2    | Found Diose's Antique Weapon Boutique.
 12433 | Orc:2    | Found a staircase to the Elven Halls.
 12504 | Orc:2    | Found Fadaeweja's General Store.
 12710 | D:11     | Noticed a two-headed ogre
 12719 | D:11     | Killed a two-headed ogre
 12720 | D:11     | Reached skill level 13 in Axes
 13192 | D:11     | Found a shimmering altar of Xom.
 13373 | D:12     | Gained mutation: You have a pair of large horns on your
                  | head. [demonic ancestry]
 13373 | D:12     | Reached XP level 13. HP: 96/98 MP: 14/14
 13437 | D:12     | Found Fotifeg's Assorted Antiques.
 13446 | D:12     | Bought a warped hand axe for 264 gold pieces
 13446 | D:12     | Identified the +10 hand axe of the Median {drain, +Rage MR+
                  | Int+3} (You bought it in a shop on level 12 of the Dungeon)
 13765 | D:12     | Found Xynnagh's Distillery.
 13776 | D:12     | Bought a potion of curing for 45 gold pieces
 13776 | D:12     | Bought a potion of heal wounds for 75 gold pieces
 13776 | D:12     | Bought a potion of heal wounds for 75 gold pieces
 13836 | D:12     | Received a gift from Okawaru
 13973 | D:12     | Got a shimmering emerald amulet
 13975 | D:12     | Identified the amulet of Jushrumam {Gourm rC++ Dex-4 SInv
                  | Stlth+} (You found it on level 12 of the Dungeon)
 14137 | D:12     | Found a gateway to a bazaar.
 14422 | D:13     | Got a slimy leather armour
 14433 | D:13     | Identified the +1 leather armour of Huumupirph {rC+} (You
                  | found it on level 13 of the Dungeon)
 14564 | D:13     | Found a deep blue altar of Sif Muna.
 14948 | D:14     | Found a gate to the Vaults.
 14948 | D:14     | Noticed Nessos
 14958 | D:14     | Killed Nessos
 14958 | D:14     | Reached skill level 1 in Long Blades
 14970 | D:14     | Reached ****** piety under Okawaru
 15199 | D:14     | Received a gift from Okawaru
 15208 | D:14     | You fall through a shaft!
 15208 | D:15     | Entered Level 15 of the Dungeon
 15209 | D:15     | Reached skill level 14 in Axes
 15255 | D:15     | Received a gift from Okawaru
 15410 | D:15     | Found a staircase to the Depths.
 15479 | D:15     | Gained mutation: You are mostly covered in sharp spines.
                  | [demonic ancestry]
 15479 | D:15     | Reached XP level 14. HP: 108/108 MP: 15/15
 15752 | D:15     | Received a gift from Okawaru
 15826 | D:15     | Reached skill level 10 in Fighting
 16095 | D:15     | Found an opulent altar of Gozag.
 16357 | D:15     | Found Poploef's Jewellery Shop.
 16889 | D:14     | Received a gift from Okawaru
 17077 | D:14     | Found Ithugip's Antique Weapon Shoppe.
 17339 | D:14     | Found a portal to a secret trove of treasure.
 17567 | Depths:1 | Entered Level 1 of the Depths
 17572 | Depths:1 | Noticed a lich
 17588 | Depths:1 | HP: 5/111 [acid (7)]
 17596 | Depths:1 | Killed a lich
 17604 | D:15     | Killed from afar by a fire dragon

Levels and vault maps discovered:
D:1:      tarquinn_simple_flora_water_a, layout_basic
D:2:      layout_basic, old_standard_altar, first_ration,
          hangedman_decor_growths
D:3:      layout_rooms, marbit_many_paths, chequers_ecumenical_altar_island
D:4:      layout_loops_ring, minmay_temple_entry_purple_smoke, fedhas_altar_3,
          uniq_natasha, uniq_grinder, uniq_blork_the_orc, uniq_edmund
D:5:      layout_gridville, kennysheep_path_1
D:6:      layout_loops_ring, small_statue_intersection,
          makhleb_blood_cavern_becter
D:7:      layout_loops_ring, nicolae_ossuary_entry_catacombs
D:8:      layout_layer_cave
D:9:      layout_roguey, grunt_temple_overflow_open,
          nicolae_qazlal_eye_of_the_storm, erik_lair_orcish_takeover,
          orc_0_dummy, basic_altar, serial_shops, shop_fountains,
          hangedman_little_slice_of_home
D:10:     layout_roguey
D:11:     layout_roguey, basic_altar
D:12:     layout_long_grid, serial_shops, bzr_firewalk, shop,
          nicolae_shop_statue_plus
D:13:     layout_rooms, basic_altar, chequers_serial_rivers_small_b
D:14:     nicolae_whirlpool, layout_cave_pools, david_vaults_3,
          minmay_curled_crystal, enter_trove_3, serial_shops, shop
D:15:     grunt_enter_depths_magical_seal, layout_basic, serial_shops,
          nicolae_shop_waterfront, hangedman_decor_diamond_cutter,
          grunt_gozag_breadcrumbs
Temple:   oiseaux_autumnal_temple
Orc:1:    layout_diamond_mine, basic_altar
Orc:2:    grunt_orc_gardens, layout_diamond_mine, grunt_orc_garden,
          grunt_orc_garden, grunt_orc_garden, grunt_orc_garden, uniq_donald
Depths:1: layout_big_octagon, hell_entry, minmay_holes, laboratory,
          uniq_enchantress

Skill      XL: |  1  2  3  4  5  6  7  8  9 10 11 12 13 14 |
---------------+-------------------------------------------+-----
Armour         | 3 4 5 6 7 8 |  8.5
Axes           | 2 3 4 5 7 8 10 12 13 14 | 14.5
Shields        | 3 4 5 6 7 9 10 11 12 | 12.8
Dodging        | 1 2 3 4 5 6 |  6.2
Fighting       | 4 5 6 7 8 9 10 | 10.7
Stealth        | 2 3 |  3.3
Invocations    | 2 |  2.9
Long Blades    | 2 3 |  3.4

Action                   |  1- 3 |  4- 6 |  7- 9 | 10-12 | 13-15 || total
-------------------------+-------+-------+-------+-------+-------++-------
Melee: War axe           |    92 |    88 |   366 |   658 |    12 ||  1216
       Headbutt          |    13 |    11 |    93 |   202 |   166 ||   485
       Hand axe          |       |       |       |       |   443 ||   443
       Scimitar          |       |       |       |       |    15 ||    15
Invok: Heroism           |       |       |       |     5 |     2 ||     7
  Use: Potion            |       |     1 |     2 |     2 |     3 ||     8
       Scroll            |       |       |     3 |     4 |    10 ||    17
 Stab: Sleeping          |       |       |     4 |     2 |       ||     6
       Held in net/web   |       |       |     1 |       |       ||     1
  Eat: Chunk             |     1 |     3 |    10 |    26 |    12 ||    52
       Ration            |       |       |     1 |       |       ||     1
Armor: Scale mail        |    50 |    45 |    62 |       |       ||   157
       Steam dragon scal |       |       |    51 |       |       ||    51
       Chain mail        |       |       |       |   119 |    94 ||   213
       Leather armour    |       |       |       |    14 |       ||    14
Dodge: Dodged            |    27 |    27 |   120 |   223 |   127 ||   524
       Deflected         |       |       |       |     5 |       ||     5
Block: Shield            |    67 |    78 |   260 |   347 |       ||   752
       Reflection        |       |       |     2 |    32 |    67 ||   101
       Large shield      |       |       |       |   242 |   475 ||   717
       Rpst.: Scimitar   |       |       |       |       |     4 ||     4

Table legend:
 A = Non-vault XP
 B = Vault XP
 C = Vault XP percentage of total XP
 D = Non-vault monster count
 E = Vault monster count
 F = Vault count percentage of total count
                 A         B        C        D         E       F
            +---------+---------+-------+---------+---------+-------
      Total |   72034 |   24416 |  25.3 |     450 |     111 |  19.8
            +---------+---------+-------+---------+---------+-------
        D:1 |      29 |       0 |   0.0 |      12 |       0 |   0.0
        D:2 |      45 |       0 |   0.0 |      15 |       0 |   0.0
        D:3 |      69 |       3 |   4.2 |      17 |       1 |   5.6
        D:4 |     343 |     555 |  61.8 |      15 |       4 |  21.1
        D:5 |     356 |       0 |   0.0 |      13 |       0 |   0.0
        D:6 |     586 |     138 |  19.1 |      16 |       2 |  11.1
        D:7 |    1115 |     300 |  21.2 |      25 |       6 |  19.4
        D:8 |    2485 |       0 |   0.0 |      26 |       0 |   0.0
        D:9 |    2804 |     826 |  22.8 |      24 |      17 |  41.5
       D:10 |    2904 |       0 |   0.0 |      17 |       0 |   0.0
       D:11 |    4565 |       0 |   0.0 |      34 |       0 |   0.0
       D:12 |    5591 |       0 |   0.0 |      42 |       0 |   0.0
       D:13 |    6824 |       0 |   0.0 |      34 |       0 |   0.0
       D:14 |    7315 |    6013 |  45.1 |      19 |      21 |  52.5
       D:15 |   21815 |    4154 |  16.0 |      58 |       9 |  13.4
      Orc:1 |    6450 |    5261 |  44.9 |      40 |       8 |  16.7
      Orc:2 |    1976 |    6517 |  76.7 |      32 |      20 |  38.5
   Depths:1 |    6762 |       0 |   0.0 |      11 |       0 |   0.0
    Ossuary |       0 |     649 | 100.0 |       0 |      23 | 100.0
            +---------+---------+-------+---------+---------+-------
